 Dungeon Crawl Stone Soup version 0.18.1-50-g88ac8fd (webtiles) character file.

118 ololoev the Magician (level 4, -8/24 HPs)
             Began as a Deep Elf Earth Elementalist on Nov 24, 2016.
             Mangled by an ogre
             ... wielding a cursed -2 giant spiked club
              (20 damage)
             ... on level 5 of the Dungeon.
             The game lasted 00:05:06 (683 turns).

ololoev the Magician (Deep Elf Earth Elementalist)   Turns: 683, Time: 00:05:06

Health: -8/24      AC:  5    Str:  5    XL:     4   Next: 72%
Magic:  11/13      EV: 13    Int: 21    God:
Gold:   66         SH:  0    Dex: 15    Spells: 2 memorised, 9 levels left

rFire  . . .     SeeInvis .     b - 6 stones
rCold  . . .     Gourm    .     a - +0 robe
rNeg   . . .     Faith    .     (no shield)
rPois  .         Spirit   .     (no helmet)
rElec  .         Dismiss  .     (no cloak)
rCorr  .         Reflect  .     (no gloves)
SustAt .         Harm     .     (no boots)
MR     .....                    (no amulet)
Stlth  ++........               (no ring)
                                f - +3 ring of protection

@: not resistant to hostile enchantments, unstealthy
A: no striking features
a: no special abilities

Inventory:

Missiles
 b - 6 stones (in hand)
Armour
 a - a +0 robe (worn)
 p - a +2 buckler
Jewellery
 f - a +3 ring of protection (left hand)
Scrolls
 g - 4 scrolls of identify {unknown}
 n - a scroll of remove curse {unknown}
 o - a scroll of random uselessness {unknown}
 r - a scroll of amnesia {unknown}
Potions
 e - 2 potions of brilliance {unknown}
 h - a potion of lignification {unknown}
 i - a potion of flight {unknown}
 l - a potion of cure mutation {unknown}
 m - a potion of degeneration {unknown}
 q - a potion of invisibility {unknown}
 s - a potion of haste {unknown}
Books
 c - a book of Geomancy

   Spells                             Type                      Level
   a - Sandblast                      Earth                        1
   b - Passwall                       Transmutation/Earth          2
   c - Stone Arrow                    Conjuration/Earth            3
   d - Petrify                        Transmutation/Earth          4
   e - Lee's Rapid Deconstruction     Earth                        5
Comestibles
 d - 5 bread rations
 j - 2 meat rations
 k - 2 chunks of flesh


   Skills:
 - Level 2.4 Dodging
 - Level 2.4 Stealth
 + Level 5.1 Spellcasting
 * Level 2.1 Conjurations
   Level 1.1 Transmutations
 + Level 4.2 Earth Magic


You had 9 spell levels left.
You knew the following spells:

 Your Spells              Type           Power        Failure   Level  Hunger
a - Sandblast             Erth           ###...       1%          1    None
b - Stone Arrow           Conj/Erth      ###...       12%         3    ##.....


You were on level 5 of the Dungeon.
You were not hungry.

You visited 1 branch of the dungeon, and saw 6 of its levels.

You collected 66 gold pieces.

#...... #....# #....
#..# ##.# ##.## ## #..
#.## ##.# #... ##.##
##.###########..#
##.###.....O@.........
#..#.####..#######..#
#...## #..## #..####
#..## #...## ###.....#
#..# #....#
#......<#####
#..######.#.##
#..#>........
#.........#.#
#.......#####
##.#####..#.#
#.#.....# #.#
#..#.####.#.#.###

Notes
Turn   | Place    | Note
--------------------------------------------------------------
     0 | D:1      | ololoev the Deep Elf Earth Elementalist began the quest for the Orb.
     0 | D:1      | Reached XP level 1. HP: 10/10 MP: 6/6
   107 | D:2      | Reached XP level 2. HP: 15/15 MP: 3/8
   133 | D:2      | Noticed Natasha
   139 | D:2      | Killed Natasha
   139 | D:2      | Reached skill level 4 in Spellcasting
   139 | D:2      | Reached XP level 3. HP: 11/19 MP: 3/10
   202 | D:3      | Learned a level 3 spell: Stone Arrow
   328 | D:4      | Reached skill level 1 in Conjurations
   328 | D:4      | Reached XP level 4. HP: 24/24 MP: 9/12
   350 | D:5      | Entered Level 5 of the Dungeon
   570 | D:5      | Reached skill level 5 in Spellcasting
   663 | D:5      | Noticed an ogre
   683 | D:5      | Mangled by an ogre

Dungeon Overview and Level Annotations

Branches:
Dungeon (6/15)
 Temple: D:4-7

Altars:


Message History

The crimson imp grins evilly.
Casting: Sandblast
Confirm with . or Enter, or press ? or * to list all spells.
Aiming: Sandblast
Press: ? - help, Shift-Dir - straight line, f - crimson imp
Aim: a crimson imp The rocky blast hits the crimson imp.
The crimson imp is heavily wounded.
Casting: Sandblast
Confirm with . or Enter, or press ? or * to list all spells.
Aiming: Sandblast
Press: ? - help, Shift-Dir - straight line, f/p - crimson imp
Aim: a crimson imp (moderately wounded)
The rocky blast hits the crimson imp.
You kill the crimson imp!
Your Spellcasting skill increases to level 5!
Your Conjurations skill increases to level 2!
A giant cockroach comes into view.
You are now empty-handed.
Casting: Sandblast
Confirm with . or Enter, or press ? or * to list all spells.
Aiming: Sandblast
Press: ? - help, Shift-Dir - straight line, f - giant cockroach
Aim: a giant cockroach (clinging)
The blast of sand misses the giant cockroach.
The giant cockroach misses you.
Casting: Sandblast
Confirm with . or Enter, or press ? or * to list all spells.
Aiming: Sandblast
Press: ? - help, Shift-Dir - straight line, f/p - giant cockroach
Aim: a giant cockroach (clinging)
The blast of sand hits the giant cockroach.
You kill the giant cockroach!
Casting: Sandblast
Confirm with . or Enter, or press ? or * to list all spells.
You can't see any susceptible monsters within range! (Use Z to cast anyway.)
You see here a giant cockroach corpse.
You butcher the giant cockroach corpse.
k - 3 chunks of flesh (gained 2)
Found a scroll labeled ZEONACHO WAMUE.
Found a bread ration.
g - 4 scrolls labeled ZEONACHO WAMUE (gained 1)
d - 5 bread rations (gained 1) Some of the chunks of flesh in your inventory have rotted away.
An ogre comes into view. It is wielding a giant spiked club.
The ogre shouts!
b - 10 stones (in hand)
Casting: Sandblast
Confirm with . or Enter, or press ? or * to list all spells.
Aiming: Sandblast
Press: ? - help, Shift-Dir - straight line, f - ogre
Aim: an ogre, wielding a giant spiked club The rocky blast misses the ogre.
Casting: Sandblast
Confirm with . or Enter, or press ? or * to list all spells.
Aiming: Sandblast
Press: ? - help, Shift-Dir - straight line, f/p - ogre
Aim: an ogre, wielding a giant spiked club The rocky blast misses the ogre.
A ball python comes into view.
Casting: Sandblast
Confirm with . or Enter, or press ? or * to list all spells.
Aiming: Sandblast
Press: ? - help, Shift-Dir - straight line, f/p - ogre
Aim: an ogre, wielding a giant spiked club The rocky blast hits the ogre.
The ogre is moderately wounded.
The ogre hits you with a giant spiked club!
Ouch! That really hurt!
There is a stone staircase leading up here.
Casting: Sandblast
Confirm with . or Enter, or press ? or * to list all spells.
Aiming: Sandblast
Press: ? - help, Shift-Dir - straight line, f/p - ogre
Aim: an ogre, wielding a giant spiked club (moderately wounded)
The rocky blast hits the ogre.
The ogre is heavily wounded.
The ogre hits you with a giant spiked club!!
Ouch! That really hurt!
You die...

You could see an ogre.

Vanquished Creatures
  A crimson imp (D:5)
  Natasha (D:2)
  4 adders
  A worm (D:4)
  A dart slug (D:1)
  2 giant geckos
  A ball python (D:3)
  A giant cockroach (D:5)
  2 goblins (D:2)
  A hobgoblin (D:1)
  2 quokkas
  3 bats
  A giant gecko skeleton (D:4)
  2 giant newts
23 creatures vanquished.

Action                   |  1- 3 |  4- 6 || total
-------------------------+-------+-------++-------
 Cast: Sandblast         |    22 |    23 ||    45
Armor: Robe              |     3 |       ||     3
Dodge: Dodged            |     6 |     1 ||     7

Vault maps used:
D:1:      arrival_zaba_pyramid
D:2:      uniq_natasha, uniq_iyjb
D:3:      kennysheep_vampire_church, trog_butcher_becter, uniq_grinder
D:5:      first_bread, uniq_pikel, uniq_prince_ribbit1
D:6:      nicolae_overflow_crystal_walls, minmay_temple_entry_purple_smoke,
          nicolae_dithmenos_shadow_blocks, uniq_edmund, uniq_blork_the_orc,
          uniq_crazy_yiuf_cottage
